 Dungeon Crawl Stone Soup version 0.26.0-10-g1f06aea511 (webtiles) character file.

Game seed: 11274364855278964916

9914 Dani the Cleaver (level 11, -1/64 HPs)
             Began as a Tengu Gladiator on Feb 8, 2021.
             Was a High Priest of Okawaru.
             Slain by a minotaur
             ... wielding the +9 quick blade "Declu" {freeze, Dex+6}
              (20 damage)
             ... in a Gauntlet.
             The game lasted 00:24:14 (11710 turns).

Dani the Cleaver (Tengu Gladiator)                 Turns: 11710, Time: 00:24:15

Health: -1/64      AC: 14    Str: 22    XL:     11   Next: 53%
Magic:  9/15       EV: 22    Int:  8    God:    Okawaru [*****.]
Gold:   495        SH:  5    Dex: 16    Spells: 10/10 levels left

rFire    . . .     SeeInvis .   x - +6 war axe (freeze)
rCold    . . .     Faith    .   (no shield)
rNeg     . . .     Spirit   .   n - +0 chain mail
rPois    +         Reflect  +   c - +1 hat
rElec    +         Harm     .   (no cloak)
rCorr    .         Rampage  .   d - +0 pair of gloves of Impermeability {rPois} (curse)
Will     .....     NoTele   +   (boots unavailable)
Stlth    +.........             h - amulet of reflection
HPRegen  0.20/turn              m - +4 ring of evasion
MPRegen  0.14/turn              e - ring "Woxirit" {+Fly rElec Str+4 Slay+4 Stlth+}

@: heroism, finesse, flying quickly and evasively, hasted, very quick
A: beak, talons 3, able to fly
a: Stop Flying, Renounce Religion, Heroism, Finesse


You were in a Gauntlet.
You worshipped Okawaru.
Okawaru was extremely pleased with you.
You visited 2 branches of the dungeon, and saw 12 of its levels.
You also visited: Sewer and Gauntlet.

You collected 703 gold pieces.
You spent 208 gold pieces at shops.

Inventory:

Hand Weapons
 a - a +0 war axe
 v - a cursed +1 morningstar
   (You took it off a wight on level 7 of the Dungeon)
 w - a +4 spear
   (You took it off a wight on level 7 of the Dungeon)
 x - a +6 war axe of freezing (weapon)
   (You took it off a wight on level 7 of the Dungeon)
Missiles
 r - 32 poisoned darts
 Z - 4 throwing nets (quivered)
Armour
 b - a +0 leather armour
 c - a +1 hat (worn)
 d - the cursed +0 pair of gloves of Impermeability (worn) {rPois}
   (You found it in a Gauntlet)

   It protects you from poison.
   It has a curse placed upon it.
 g - a +0 ring mail
   (You found it on level 1 of the Dungeon)
 k - a +0 pair of gloves
   (You found it on level 2 of the Dungeon)
 n - a +0 chain mail (worn)
   (You took it off an orc on level 3 of the Dungeon)
Jewellery
 e - the ring "Woxirit" (right hand) {+Fly rElec Str+4 Slay+4 Stlth+}
   (You found it in a Gauntlet)

   [ring of slaying]

   It affects your strength (+4).
   It affects your accuracy and damage with ranged weapons and melee attacks
   (+4).
   It insulates you from electricity.
   It lets you fly.
   It makes you more stealthy.
 h - an amulet of reflection (around neck)
   (You found it on level 1 of the Dungeon)
 m - a +4 ring of evasion (left hand)
   (You found it on level 3 of the Dungeon)
 p - a +6 ring of dexterity
   (You found it on level 3 of the Dungeon)
 y - a +6 ring of strength
   (You found it on level 7 of the Dungeon)
Wands
 A - a wand of acid (9)
   (You found it on level 10 of the Dungeon)
 P - a wand of paralysis (11)
   (You found it on level 10 of the Dungeon)
 V - a wand of flame (21)
   (You found it on level 7 of the Dungeon)
Scrolls
 l - a scroll of random uselessness
 q - 2 scrolls of fear
 s - 2 scrolls of enchant weapon
 t - 3 scrolls of enchant armour
 M - 3 scrolls of magic mapping
 N - 11 scrolls of remove curse {@r2}
 R - 8 scrolls of identify {@r1}
 T - 3 scrolls of teleportation
Potions
 i - a potion of resistance
 o - a potion of might
 u - a potion of berserk rage
 z - 4 potions of flight
 F - a potion of mutation {!q}
 G - a potion of cancellation
 J - a potion of attraction
 Q - 4 potions of curing {@q1}


   Skills:
 + Level 5.8(10.8) Fighting
 * Level 14.0(19.0) Axes
 - Level 2.0(7.0) Throwing
 + Level 5.8(10.8) Armour
 + Level 6.7(11.7) Dodging
 - Level 5.0 Invocations
 - Level 5.0 Evocations


You had 10 spell levels left.
You didn't know any spells.
Your spell library contained the following spells:

 Spells                   Type           Power        Failure   Level
 Animate Skeleton         Necr           0%           94%         1
 Apportation              Tloc           0%           94%         1
 Corona                   Hex            0%           94%         1
 Pain                     Necr           0%           94%         1
 Summon Small Mammal      Summ           0%           94%         1
 Poisonous Vapours        Pois/Air       0%           98%         2
 Slow                     Hex            0%           98%         2
 Conjure Flame            Conj/Fire      0%           100%        3
 Inner Flame              Hex/Fire       0%           100%        3
 Mephitic Cloud           Conj/Pois/Air  0%           100%        3
 Portal Projectile        Hex/Tloc       0%           100%        3
 Vampiric Draining        Necr           0%           100%        3
 Animate Dead             Necr           0%           100%        4
 Cause Fear               Hex            0%           100%        4
 Leda's Liquefaction      Hex/Erth       0%           100%        4
 Agony                    Necr           0%           100%        5
 Freezing Cloud           Conj/Ice/Air   0%           100%        6


Dungeon Overview and Level Annotations

Branches:
Dungeon (11/15)            Temple (1/1) D:4           Sewer (visited)
Gauntlet (1/1)
   Lair: D:8-11         Orc: D:9-12

Altars:
Ashenzari
Cheibriados
Fedhas
Gozag
Okawaru
Qazlal
Ru
Trog
Uskayaw
Wu Jian
Xom
Yredelemnul
The Shining One

Shops:
D:4 !

Annotations:
Gauntlet 12 transporters


Innate Abilities, Weirdness & Mutations

You have a beak for a mouth.
You have claws for feet.
You can fly continuously.


Message History

You slice the centaur warrior zombie!!
You destroy the centaur warrior zombie!
Okawaru accepts your kill.
Your base Axes skill increases to level 14!
You feel sick.
Z - 4 throwing nets (gained 1)
You see here a death drake corpse.
You feel sick.
A spectral meliai is nearby!
A spectral meliai is nearby!
A spectral meliai is nearby!
You start resting.
The hell hound pauses to sniff the ground.
You feel sick. x2
Your extra speed is starting to run out.
You start resting.
You feel sick.
You feel like a meek peon again.
There is a transporter landing site here.
You feel yourself speed up.
You feel sick.
You are no longer poisoned.
A spectral meliai is nearby!
A spectral meliai is nearby!
You feel yourself slow down.
You see here a death drake corpse.
The spectral meliai closely misses you. The spectral meliai barely misses you.
The spectral meliai completely misses you.
The spectral meliai hits you.
* * * LOW HITPOINT WARNING * * *
You feel drained.
* * * LOW HITPOINT WARNING * * *
You slash the spectral meliai! You freeze the spectral meliai.
Your kick misses the spectral meliai.
You peck the spectral meliai, but do no damage.
The spectral meliai is moderately damaged.
The spectral meliai closely misses you. You block the spectral meliai's attack.
The spectral meliai hits you but does no damage. x2
You hit the spectral meliai. Your kick misses the spectral meliai.
The spectral meliai is heavily damaged.
You block the spectral meliai's attack. The spectral meliai misses you.
You hit the spectral meliai. You claw the spectral meliai!
The spectral meliai is almost destroyed.
The spectral meliai hits you but does no damage. x2
The spectral meliai closely misses you.
The spectral meliai completely misses you.
You hit the spectral meliai but do no damage.
You claw the spectral meliai. Your peck misses the spectral meliai.
The spectral meliai is almost destroyed.
The spectral meliai completely misses you.
The spectral meliai closely misses you.
You hit the spectral meliai. You claw the spectral meliai.
You destroy the spectral meliai!
Okawaru accepts your kill.
Your life force feels restored.
There is a transporter landing site here.
The hell hound barks!
s - 2 scrolls of enchant weapon (gained 1)
There are no items here.
e - a wavering amber ring You're wearing all the rings you can.
Remove which one? (? for menu, Esc to cancel) < or
m - a +4 ring of evasion; > or
y - a +6 ring of strength You remove your +6 ring of strength.
You feel weaker.
You feel stronger.
e - the ring "Woxirit" (right hand) {+Fly rElec Str+4 Slay+4 Stlth+}
There is a transporter here.
You start resting.
HP restored.
You enter the transporter and appear at another place.
You gain the combat prowess of a mighty hero.
You can now deal lightning-fast blows.
You reach down and open the door.
A minotaur comes into view.
It is wielding the +9 quick blade "Declu" {freeze, Dex+6}.
The minotaur bellows!
The minotaur throws a javelin.
The javelin closely misses you.
Found a condenser vane.
Found a gate leading back out of this place.
The minotaur throws a javelin.
The javelin pierces through you!!
* * * LOW HITPOINT WARNING * * *
There is an open door, spattered with blood here.
The minotaur throws a javelin.
The javelin closely misses you. The minotaur misses you.
The minotaur gores you but does no damage.
You barely miss the minotaur. You closely miss the minotaur.
The minotaur hits you with the +9 quick blade "Declu" {freeze, Dex+6}!
* * * LOW HITPOINT WARNING * * *
The minotaur freezes you.
* * * LOW HITPOINT WARNING * * *
The minotaur gores you but does no damage.
You feel yourself speed up.
The minotaur hits you with the +9 quick blade "Declu" {freeze, Dex+6}!
* * * LOW HITPOINT WARNING * * *
The minotaur freezes you.
* * * LOW HITPOINT WARNING * * *
The minotaur gores you but does no damage.
You feel better.
The minotaur hits you with the +9 quick blade "Declu" {freeze, Dex+6}!!
You die...

##**####**##
**.##.##.##.###
#,,...###.....#
#.*#.##∩##.#*,*
##.##.##H##.##.##
#......#@#......#
#.##.###.#.##.###
#.##.###'#.##.###
#.......(.......#
###.##.##.##.##.#
###.##.##.##.#*.#
#........(......#
##.##.##.##.##.#*
###.##.##.##.##.###


You could see a minotaur.

Vanquished Creatures
  A queen ant (Gauntlet)
  A death drake (Gauntlet)
  A fire crab (Gauntlet)
  A spectral centaur (Gauntlet)
  A troll (D:9)
  A spectral meliai (Gauntlet)
  A wyvern (D:10)
  3 fire bats (Gauntlet)
  A steam dragon (D:10)
  5 soldier ants (Gauntlet)
  An orc warrior (D:10)
  2 ice beasts
  2 sky beasts
  2 necrophages (D:8)
  2 phantoms (D:7)
  3 ogres
  8 centaurs
  8 bullfrogs
  3 scorpions
  24 killer bees
  11 wights
  A howler monkey (D:9)
  A bullfrog zombie (D:6)
  A jelly (D:10)
  4 centaur zombies
  4 centaur skeletons
  2 orc priests (D:8)
  3 bullfrog skeletons
  2 hounds
  A human zombie (D:8)
  An orc wizard (D:8)
  2 human skeletons (D:8)
  An iguana (D:7)
  10 worker ants
  2 killer bee zombies
  An ogre skeleton (D:8)
  A hound skeleton (D:6)
  A hound zombie (D:6)
  3 mummies (D:8)
  A worker ant zombie (D:6)
  4 gnolls (D:4)
  14 adders
  A river rat (D:6)
  3 shadow imps
  2 white imps
  3 ufetubi
  9 oozes
  An adder zombie (D:6)
  4 worms
  2 dart slugs (D:1)
  15 leopard geckos
  17 orcs
  7 ball pythons
  13 bats
  12 giant cockroaches
  7 hobgoblins
  21 jackals
  3 quokkas
  17 frilled lizards
  5 goblins
  3 kobolds (D:1)
  A quokka zombie (D:5)
  9 rats
297 creatures vanquished.

Notes
Turn   | Place    | Note
-------+----------+-------------------------------------------
     0 | D:1      | Dani the Tengu Gladiator began the quest for the Orb.
     0 | D:1      | Reached XP level 1. HP: 12/12 MP: 2/2
   102 | D:1      | Found an iron altar of Okawaru.
   106 | D:1      | Reached XP level 2. HP: 17/17 MP: 3/3
   113 | D:1      | Became a worshipper of Warmaster Okawaru
   180 | D:1      | Reached skill level 4 in Axes
   501 | D:1      | Reached XP level 3. HP: 21/21 MP: 4/4
   752 | D:2      | Reached skill level 5 in Axes
   871 | D:2      | Reached XP level 4. HP: 20/26 MP: 5/5
   928 | D:2      | HP: 6/26 [poisoned by an adder]
  1245 | D:2      | Found a bloodstained altar of Trog.
  1578 | D:2      | Found a snail-covered altar of Cheibriados.
  1809 | D:3      | Reached skill level 6 in Axes
  1880 | D:3      | Gained mutation: You can fly continuously. [Tengu growth]
  1880 | D:3      | Reached XP level 5. HP: 28/30 MP: 6/6
  2052 | D:3      | Found an opulent altar of Gozag.
  2240 | D:3      | Reached * piety under Okawaru
  2691 | D:4      | Reached skill level 7 in Axes
  2728 | D:4      | Found Reli's Distillery.
  2732 | D:4      | Bought 2 potions of curing for 78 gold pieces
  2752 | D:4      | Reached XP level 6. HP: 35/35 MP: 7/7
  2767 | D:4      | Bought a potion of haste for 130 gold pieces
  2961 | D:4      | You are sucked into a shaft and drop 3 floors!
  2978 | D:7      | Reached skill level 1 in Invocations
  3328 | D:7      | Noticed a phantom
  3354 | D:7      | Killed a phantom
  3355 | D:7      | Reached skill level 8 in Axes
  3355 | D:7      | Reached skill level 2 in Invocations
  3355 | D:7      | Reached XP level 7. HP: 31/40 MP: 9/9
  3482 | D:7      | Reached ** piety under Okawaru
  3483 | D:7      | Reached skill level 9 in Axes
  3483 | D:7      | Reached skill level 3 in Invocations
  3691 | D:6      | Reached XP level 8. HP: 40/44 MP: 11/11
  3841 | D:6      | Reached skill level 10 in Axes
  3902 | D:6      | Found a glowing drain.
  3911 | Sewer    | Entered a sewer
  4293 | Sewer    | Reached skill level 11 in Axes
  4453 | D:5      | Entered Level 5 of the Dungeon
  4766 | D:5      | Reached *** piety under Okawaru
  5160 | D:4      | Found a staircase to the Ecumenical Temple.
  5290 | Temple   | Entered the Ecumenical Temple
  5493 | D:5      | Reached XP level 9. HP: 37/48 MP: 12/12
  5695 | D:6      | Found a broken altar of Ashenzari.
  6205 | D:7      | Reached skill level 12 in Axes
  6345 | D:7      | Reached skill level 1 in Armour
  6916 | D:8      | Reached skill level 1 in Evocations
  7111 | D:8      | Reached skill level 2 in Armour
  7114 | D:8      | Reached skill level 4 in Dodging
  7121 | D:8      | Reached skill level 3 in Fighting
  7211 | D:8      | Reached **** piety under Okawaru
  7212 | D:8      | Reached skill level 2 in Evocations
  7225 | D:8      | HP: 12/51 [poisoned by a killer bee]
  7657 | D:8      | Found a basalt altar of Yredelemnul.
  7740 | D:8      | Reached skill level 3 in Armour
  7740 | D:8      | Reached skill level 4 in Invocations
  7740 | D:8      | Reached XP level 10. HP: 56/56 MP: 12/14
  8352 | D:9      | Reached skill level 3 in Evocations
  8505 | D:9      | Reached skill level 4 in Fighting
  8526 | D:9      | Reached skill level 5 in Dodging
  9037 | D:10     | Entered Level 10 of the Dungeon
  9149 | D:10     | Reached skill level 13 in Axes
  9218 | D:10     | Found a blossoming altar of Fedhas.
  9236 | D:10     | Reached skill level 4 in Armour
 10203 | D:11     | Found a gate leading to a gauntlet.
 10235 | D:11     | Reached ***** piety under Okawaru
 10236 | D:11     | Reached skill level 4 in Evocations
 10248 | D:11     | Noticed a boulder beetle
 10258 | Gauntlet | Entered a Gauntlet
 10258 | Gauntlet | Found a transporter.
 10268 | Gauntlet | Noticed a queen ant
 10355 | Gauntlet | Found a transporter.
 10370 | Gauntlet | Found a transporter.
 10372 | Gauntlet | Noticed a glowing orange brain
 10375 | Gauntlet | Found a transporter.
 10384 | Gauntlet | Noticed a red ugly thing
 10384 | Gauntlet | Noticed a glowing orange brain
 10392 | Gauntlet | Found a transporter.
 10406 | Gauntlet | Noticed a blizzard demon
 10410 | Gauntlet | Found a transporter.
 10422 | Gauntlet | Found a transporter.
 10426 | Gauntlet | Noticed a death ooze
 10433 | Gauntlet | Noticed a blizzard demon
 10434 | Gauntlet | Found a transporter.
 10440 | Gauntlet | Found a transporter.
 10451 | Gauntlet | Noticed a fire crab
 10455 | Gauntlet | Found a transporter.
 10467 | Gauntlet | Found a transporter.
 10484 | Gauntlet | Found a transporter.
 10489 | Gauntlet | Noticed a death drake
 10497 | Gauntlet | Noticed a spectral centaur warrior
 10502 | Gauntlet | Found a transporter.
 10504 | Gauntlet | Found a transporter.
 10514 | Gauntlet | Noticed a fire crab
 10529 | Gauntlet | Found a transporter.
 10531 | Gauntlet | Found a transporter.
 10551 | Gauntlet | Found a transporter.
 10922 | Gauntlet | Killed a queen ant
 10923 | Gauntlet | Reached skill level 5 in Fighting
 10923 | Gauntlet | Reached skill level 5 in Armour
 10923 | Gauntlet | Reached skill level 6 in Dodging
 10923 | Gauntlet | Reached skill level 5 in Invocations
 10923 | Gauntlet | Reached XP level 11. HP: 42/63 MP: 13/15
 10934 | Gauntlet | Found a transporter.
 10937 | Gauntlet | Got a pair of masterwork gloves
 11083 | Gauntlet | Identified the cursed +0 pair of gloves of Impermeability
                  | {rPois} (You found it in a Gauntlet)
 11115 | Gauntlet | Received a gift from Okawaru
 11122 | Gauntlet | Killed a fire crab
 11343 | Gauntlet | Killed a death drake
 11344 | Gauntlet | Reached skill level 5 in Evocations
 11347 | Gauntlet | HP: 15/64 [centaur warrior zombie (3)]
 11350 | Gauntlet | Reached skill level 14 in Axes
 11353 | Gauntlet | HP: 11/64 [poisoned by a death drake (dark miasma)]
 11361 | Gauntlet | HP: 10/64 [poisoned by a death drake (dark miasma)]
 11369 | Gauntlet | HP: 10/64 [poisoned by a death drake (dark miasma)]
 11570 | Gauntlet | Got a wavering amber ring
 11572 | Gauntlet | Identified the ring "Woxirit" {+Fly rElec Str+4 Slay+4
                  | Stlth+} (You found it in a Gauntlet)
 11703 | Gauntlet | Identified the +9 quick blade "Declu" {freeze, Dex+6}
 11703 | Gauntlet | Noticed a minotaur
 11704 | Gauntlet | Found the +8 lance "Wyrmbane" {slay drac, rPois rF+ rC+
                  | AC+3}
 11709 | Gauntlet | HP: 12/64 [minotaur/the +9 quick blade "Declu" {freeze,
                  | Dex+6} (12)]
 11710 | Gauntlet | Slain by a minotaur

Illustrated notes

Levels and vault maps discovered:
D:1:      lightli_arrival_statue_moat, layout_basic, okawaru_ov_weapons_minmay
D:2:      layout_rooms, general_overflow_altar, lemuel_doored_altar
D:3:      layout_basic, old_standard_altar
D:4:      layout_basic, minmay_temple_entry_junction_2, serial_shops,
          nicolae_shop_trees, serial_park_tiny_pond, minmay_crystal_room
D:5:      layout_loops_ring, chequers_serial_rivers_micro_d
D:6:      layout_basic, portal_sewer_entry_b, evilmike_ruin_ashenzari
D:7:      layout_layer_cave
D:8:      layout_rooms, lemuel_mausoleum_altar_yredelemnul, feat_on_display
D:9:      layout_basic, kennysheep_opposing_triangles
D:10:     layout_loops_corners, basic_altar
D:11:     layout_small_grid, due_lair_maze_entry_diamond,
          gauntlet_entry_generic, minmay_misc_feat_chi, fedhas_altar_2,
          uniq_sonja
Temple:   eino_narrow_crystal_temple
Gauntlet: gammafunk_gauntlet_one_two_three
          [gammafunk_gauntlet_arena_split_diamond, nicolae_gauntlet_swirl,
          gammafunk_gauntlet_arena_open, gammafunk_gauntlet_arena_teeth,
          nicolae_gauntlet_arena_t_cross, nicolae_gauntlet_arena_quarters,
          gammafunk_gauntlet_arena_corners, nicolae_gauntlet_arena_flowing_pool,
          nicolae_gauntlet_arena_grate_2, gauntlet_exit_green]

Skill      XL: |  1  2  3  4  5  6  7  8  9 10 11 |
---------------+----------------------------------+-----
Axes           | 4 5 6 7 8 9 11 12 13 14 | 14.0
Invocations    | 2 3 4 5 |  5.0
Armour         | 3 5 |  5.8
Evocations     | 2 4 5 |  5.0
Dodging        | 4 6 |  6.7
Fighting       | 3 5 |  5.8
Throwing       | |  2.0

Action                   |  1- 3 |  4- 6 |  7- 9 | 10-12 || total
-------------------------+-------+-------+-------+-------++-------
Melee: War axe           |    70 |   107 |   263 |   169 ||   609
       Kick              |    16 |    37 |    76 |    64 ||   193
       Peck              |     9 |    22 |    50 |    42 ||   123
       Punch             |       |       |     1 |     2 ||     3
Throw: Throwing net      |       |       |       |     2 ||     2
Invok: Heroism           |       |     1 |     3 |     8 ||    12
       Finesse           |       |       |       |     2 ||     2
 Abil: Fly               |       |     1 |       |       ||     1
  Use: Potion            |       |       |     2 |     3 ||     5
       Scroll            |       |       |       |    21 ||    21
Armor: Ring mail         |    29 |    11 |       |       ||    40
       Leather armour    |     3 |       |       |       ||     3
       Chain mail        |       |    21 |    57 |    46 ||   124
Dodge: Dodged            |    52 |    66 |   188 |   153 ||   459
Block: Other             |    18 |    23 |    46 |    30 ||   117
       Reflection        |       |     1 |     2 |     3 ||     6

Table legend: (Time is in decaauts)
 A = Elapsed time spent in this place.
 B = Non-inter-level travel time spent in this place.
 C = Inter-level travel time spent in this place.
 D = Time resting spent in this place.
 E = Time spent auto-exploring this place.
 F = Levels seen in this place.
 G = Mean time per level.
                   A        B        C        D        E       F      G
               +--------+--------+--------+--------+--------+-----+--------+
         Total |  11067 |  10500 |    567 |   1196 |   7294 |  14 |  790.5 |
       Dungeon |   9296 |   8729 |    567 |    677 |   6638 |  11 |  845.1 |
        Temple |      1 |      1 |      0 |      0 |      0 |   1 |    1.0 |
         Sewer |    389 |    389 |      0 |    116 |    141 |   1 |  389.0 |
      Gauntlet |   1379 |   1379 |      0 |    403 |    515 |   1 | 1379.0 |
               +--------+--------+--------+--------+--------+-----+--------+

Top non-repeatable levels by time:
Gauntlet: 1379 daAuts
     D:7: 1217 daAuts
     D:8: 1193 daAuts
    D:10: 1086 daAuts
     D:6: 943 daAuts
     D:1: 922 daAuts
     D:2: 892 daAuts
     D:3: 834 daAuts
     D:9: 794 daAuts
     D:5: 737 daAuts
     D:4: 629 daAuts
   Sewer: 389 daAuts
    D:11: 45 daAuts
  Temple: 1 daAuts

Table legend:
 A = Kills in this place as a percentage of kills in entire the game.
 B = Kills by you in this place as a percentage of kills by you in the entire game.
 C = Kills by friends in this place as a percentage of kills by friends in the entire game.
 D = Other kills in this place as a percentage of other kills in the entire game.
 E = Experience gained in this place as a percentage of experience gained in the entire game.
 F = Experience gained in this place divided by the number of levels of this place that you have seen.
                   A       B       C       D       E      F
               +-------+-------+-------+-------+-------+----------------------
         Total | 100.0 | 100.0 |   N/A |   N/A | 100.0 | 1011.7
       Dungeon |  79.8 |  79.8 |   N/A |   N/A |  58.5 | 752.8
         Sewer |  15.2 |  15.2 |   N/A |   N/A |   2.5 | 353.0
      Gauntlet |   5.1 |   5.1 |   N/A |   N/A |  39.0 | 5530.0
               +-------+-------+-------+-------+-------+----------------------
